 Dungeon Crawl Stone Soup version 0.22.1-5-g62c59d9 (webtiles) character file.

134 Kairos the Shield-Bearer (level 5, -9/30 HPs)
             Began as a Vine Stalker Fighter on Jan 8, 2019.
             Mangled by a gnoll
             ... wielding a +0 spear
              (10 damage)
             ... on level 2 of the Dungeon.
             The game lasted 00:02:32 (1519 turns).

Kairos the Shield-Bearer (Vine Stalker Fighter)     Turns: 1519, Time: 00:02:34

Health: -9/30      AC:  6    Str: 19    XL:     5   Next: 17%
Magic:  0/6        EV:  7    Int:  8    God:
Gold:   53         SH:  9    Dex: 14    Spells: 4/4 levels left

rFire    . . .     SeeInvis .   a - +0 war axe
rCold    . . .     Gourm    .   c - +0 shield
rNeg     . . .     Faith    .   b - +0 scale mail
rPois    .         Spirit   +   (no helmet)
rElec    .         Reflect  .   (no cloak)
rCorr    .         Harm     .   (no gloves)
MR       .....                  (no boots)
Stlth    ..........             (no amulet)
HPRegen  0.50/turn              (no ring)
MPRegen  0.10/turn              (no ring)

@: no status effects
A: fangs 2, regeneration 1, robust 1, magic shield, antimagic bite, no potion
heal 3, rot immunity, subdued magic 1
a: no special abilities


You were on level 2 of the Dungeon.
You were not hungry.

You visited 1 branch of the dungeon, and saw 2 of its levels.

You collected 53 gold pieces.

Inventory:

Hand Weapons
 a - a +0 war axe (weapon)
Armour
 b - a +0 scale mail (worn)
 c - a +0 shield (worn)
Scrolls
 e - a scroll of teleportation {unknown}
 g - 3 scrolls of identify
 i - a scroll of fear {unknown}
 k - a scroll of immolation {unknown}
Potions
 d - a potion of might
 h - a potion of brilliance {unknown}
 j - a potion of magic {unknown}
Comestibles
 f - 4 rations
 l - a chunk of flesh


   Skills:
 + Level 3.1 Fighting
 + Level 3.2 Axes
 + Level 2.9 Armour
 + Level 0.7 Dodging
 + Level 3.3 Shields


You had 4 spell levels left.
You didn't know any spells.
Your spell library was empty.

Dungeon Overview and Level Annotations

Branches:
Dungeon (2/15)

Altars:


Innate Abilities, Weirdness & Mutations

You have extremely sharp teeth.
Your natural rate of healing is unusually fast.
When hurt, damage is shared between your health and your magic reserves.
Your bite disrupts and absorbs the magic of your enemies.
Potions cannot restore your health.
You are immune to rotting.
You are robust. (+10% HP)
Your spells are a little easier to cast, but a little less powerful.


Message History

You are too injured to fight recklessly!
You are too injured to fight recklessly!
You are too injured to fight recklessly!
You are too injured to fight recklessly!
You are too injured to fight recklessly!
You are too injured to fight recklessly!
You are too injured to fight recklessly!
You are too injured to fight recklessly!
You hit the gnoll but do no damage. Your bite misses the gnoll.
The gnoll hits you with a halberd!
* * * LOW HITPOINT WARNING * * *
The gnoll hits you but does no damage.
You slash the gnoll! You bite the gnoll. You drain its power.
You feel invigorated.
The gnoll is severely wounded.
The gnoll hits you from afar with a spear.
* * * LOW HITPOINT WARNING * * *
The gnoll hits you but does no damage.
The gnoll hits you from afar with a spear!
You die...

.....).......###.#
...............>.#######
.....#.....##.##.......#
.....#.....##.##.#####.#
..†..#.....##.########
.....+................
.....#.....##.########
.#'#.#.....##.##########
.#.#.......#...†@gg.....
.#.#....####..##########
.#.#....####..#
'#.#..........#
...#..........#
...#..†.......#
...##.........#
...##.........#
...####..###..#


You could see 2 gnolls.

Vanquished Creatures
  4 gnolls (D:2)
  3 adders (D:2)
  A worm (D:2)
  4 dart slugs (D:1)
  3 leopard geckos
  5 giant cockroaches
  4 hobgoblins
  A jackal (D:2)
  3 kobolds
  A ball python (D:1)
  11 bats
  4 frilled lizards
  9 goblins
  6 rats
59 creatures vanquished.

Notes
Turn   | Place    | Note
-------+----------+-------------------------------------------
     0 | D:1      | Kairos the Vine Stalker Fighter began the quest for the
                  | Orb.
     0 | D:1      | Reached XP level 1. HP: 11/11 MP: 2/2
    65 | D:1      | Reached XP level 2. HP: 7/16 MP: 3/3
   407 | D:1      | Reached XP level 3. HP: 17/20 MP: 4/4
   878 | D:1      | Gained mutation: Your spells are a little easier to cast,
                  | but a little less powerful. [potion of mutation]
   878 | D:1      | Gained mutation: You are robust. (+10% HP) [potion of
                  | mutation]
  1056 | D:2      | Gained mutation: Your natural rate of healing is unusually
                  | fast. [Vine Stalker growth]
  1056 | D:2      | Reached XP level 4. HP: 20/26 MP: 2/5
  1354 | D:2      | Reached XP level 5. HP: 21/30 MP: 3/6
  1519 | D:2      | HP: 1/30 [gnoll/spear (3)]
  1519 | D:2      | Mangled by a gnoll

Skill      XL: |  1  2  3  4 |
---------------+-------------+-----
Axes           | 2 3 |  3.2
Fighting       | 3 |  3.1
Shields        | 3 |  3.3
Armour         | |  2.9
Dodging        | |  0.7

Action                   |  1- 3 |  4- 6 || total
-------------------------+-------+-------++-------
Melee: War axe           |    95 |    61 ||   156
       Bite              |    21 |    17 ||    38
  Use: Scroll            |     2 |       ||     2
       Potion            |     1 |       ||     1
  Eat: Chunk             |       |     2 ||     2
Armor: Scale mail        |    43 |    25 ||    68
Dodge: Dodged            |    32 |    29 ||    61
Block: Shield            |    38 |    39 ||    77
